 Dungeon Crawl Stone Soup version 0.28.0-62-gf88900778d (webtiles) character file.

Game seed: 9574530704451539991

5196 Coron the Cleaver (level 10, -3/96 HPs)
             Began as a Deep Dwarf Delver on Apr 2, 2023.
             Was a Priest of Makhleb.
             Killed from afar by a steam dragon (22 damage)
             ... with a ball of steam
             ... on level 9 of the Dungeon.
             The game lasted 00:41:07 (8609 turns).

Coron the Cleaver (Deep Dwarf Delver)               Turns: 8609, Time: 00:41:08

Health: -3/96      AC: 13    Str: 23    XL:     10   Next: 34%
Magic:  1/1        EV:  9    Int: 12    God:    Makhleb [***...]
Gold:   376        SH:  0    Dex:  9    Spells: 9/9 levels left

rFire   . . .      SeeInvis .   i - +0 war axe
rCold   + . .      Faith    .   (no shield)
rNeg    . . .      Spirit   .   u - +1 chain mail
rPois   .          Reflect  .   (no helmet)
rElec   +          Harm     .   (no cloak)
rCorr   .          Rampage  .   B - +0 pair of gloves
Will    +....                   (no boots)
Stlth   ..........              (no amulet)
HPRegen 0.00/turn               G - ring of Qioj {rElec rC+ Str+4 Dex-5}
MPRegen 0.07/turn               (no ring)

@: mighty, slowed, very slow
A: damage resistance, heal wounds, sense surroundings 2, no regeneration
a: Heal Wounds, Renounce Religion, Minor Destruction, Lesser Servant of Makhleb


You were on level 9 of the Dungeon.
You worshipped Makhleb.
Makhleb was most pleased with you.
You visited 2 branches of the dungeon, and saw 10 of its levels.
You also visited: Sewer and Ossuary.

You collected 376 gold pieces.

Inventory:

Hand Weapons
 a - a +0 hand axe
 i - a +0 war axe (weapon)
 y - a +0 hunting sling
Missiles
 p - 25 poisoned darts (quivered)
 s - 98 stones
 E - 57 sling bullets
Armour
 b - a +0 leather armour
 t - the +2 leather armour "Xafeaxu" {Harm rElec rC++ Will-}
   (You found it on level 4 of the Dungeon)

   rC:        It greatly protects you from cold.
   rElec:     It insulates you from electricity.
   Harm:      It increases damage dealt and taken.
   Will:      It decreases your willpower.
 u - a +1 chain mail (worn)
 x - a +0 ring mail
 B - a +0 pair of gloves (worn)
Jewellery
 F - an amulet of faith
 G - the ring of Qioj (left hand) {rElec rC+ Str+4 Dex-5}
   (You found it on level 6 of the Dungeon)

   [ring of protection from cold]

   Str:       It affects your strength (+4).
   Dex:       It affects your dexterity (-5).
   rC:        It protects you from cold.
   rElec:     It insulates you from electricity.
Wands
 g - a wand of digging (8)
 H - a wand of mindburst (1)
 Q - a wand of paralysis (9)
 R - a wand of polymorph (4)
Scrolls
 c - 3 scrolls of fog
 d - a scroll of magic mapping
 e - 2 scrolls of fear
 k - 2 scrolls of teleportation
 l - a scroll of brand weapon {unknown}
 o - 2 scrolls of silence
 r - 4 scrolls of enchant armour
 w - a scroll of vulnerability {unknown}
 A - a scroll of acquirement {unknown}
 J - a scroll of holy word {unknown}
 K - a scroll of noise {unknown}
 N - a scroll of torment {unknown}
Potions
 f - 3 potions of haste
 h - a potion of might
 j - 2 potions of mutation
 m - 9 potions of curing
 n - 3 potions of lignification
 q - 2 potions of brilliance
 v - a potion of magic
 C - 3 potions of cancellation
 D - 4 potions of flight
 I - a potion of invisibility
 L - a potion of berserk rage {unknown}
 O - a potion of attraction {unknown}
 P - a potion of heal wounds {unknown}


   Skills:
 - Level 8.0 Fighting
 + Level 10.2 Axes
 - Level 9.0 Armour
 - Level 2.1 Dodging
 - Level 6.0 Stealth
 - Level 6.0 Evocations


You had 9 spell levels left.
You didn't know any spells.
Your spell library contained the following spells:

 Spells                   Type           Power      Damage    Failure   Level
 Magic Dart               Conj           0%         1d3       89%         1
 Searing Ray              Conj           0%         2d4       96%         2
 Sublimation of Blood     Necr           0%         N/A       96%         2
 Frozen Ramparts          Ice            0%         1d2       99%         3
 Gell's Gravitas          Tloc           0%         N/A       99%         3
 Inner Flame              Hex/Fire       0%         N/A       99%         3
 Teleport Other           Tloc           0%         N/A       99%         3
 Cause Fear               Hex            0%         N/A       100%        4
 Fulminant Prism          Conj/Hex       0%         3d6       100%        4
 Ice Form                 Ice/Tmut       0%         N/A       100%        4
 Petrify                  Tmut/Erth      0%         N/A       100%        4
 Summon Ice Beast         Ice/Summ       0%         N/A       100%        4
 Irradiate                Conj/Tmut      0%         3d13      100%        5
 Dispersal                Tloc           0%         N/A       100%        6
 Discord                  Hex            0%         N/A       100%        8


Dungeon Overview and Level Annotations

Branches:
Dungeon (9/15)             Temple (1/1) D:4           Sewer (visited)
Ossuary (visited)
   Lair: D:8-11         Orc: D:9-12

Altars:
Ashenzari
Cheibriados
Dithmenos
Elyvilon
Fedhas
Hepliaklqana
Kikubaaqudgha
Makhleb
Nemelex Xobeh
Okawaru
Qazlal
Ru
Trog
Uskayaw
Vehumet
Wu Jian
Xom
Yredelemnul
The Shining One

Shops:
D:7 (


Innate Abilities, Weirdness & Mutations

You are resistant to damage.
You can heal yourself by infusing magical energy.
You passively map the area around you.
You do not regenerate.


Message History

Unknown command.
You slash the steam dragon!
The steam dragon is severely wounded.
You barely miss the wraith. The wraith barely misses you.
The steam dragon bites you.
* * * LOW HITPOINT WARNING * * *
The steam dragon claws you.
* * * LOW HITPOINT WARNING * * *
The wraith barely misses you.
You closely miss the steam dragon.
The steam dragon is severely wounded.
You closely miss the wraith. The steam dragon breathes steam at you.
The ball of steam hits you.
* * * LOW HITPOINT WARNING * * *
The wraith hits you!
* * * LOW HITPOINT WARNING * * *
The steam dragon bites you but does no damage.
The steam dragon closely misses you.
You hit the steam dragon.
The steam dragon is almost dead.
You closely miss the wraith.
You are engulfed in a cloud of scalding steam.
The wraith closely misses you.
The steam dragon bites you but does no damage.
The steam dragon claws you. The wraith barely misses you.
You barely miss the steam dragon.
The steam dragon is almost dead.
You slash the wraith!
You are engulfed in a cloud of scalding steam.
* * * LOW HITPOINT WARNING * * *
The steam dragon bites you but does no damage.
The steam dragon claws you but does no damage.
The wraith closely misses you.
The steam dragon bites you but does no damage.
The steam dragon closely misses you.
You feel much better. The wraith barely misses you.
The steam dragon breathes steam at you. The ball of steam hits you!!
You die...

.......# #..#...#
#.###.>..
######.###<.###.#
#.....### #
#...##...###.# ####### #
#)####.†.<.#.# # #.#
#.###.#.# #.# #.# #.#.#
#.####.############## * *
#.##..)).....§§§..... , ,
#.##.#)#)##.D@..§.... ,
####.##.#(#....W##.....#
, *
......#.#.#.##.........$
,
.###.#....#..#..##..#..#*
,** .# #......#..##..# .#
.#, * .###.#...##...#..##
, # ,*
.>†.....###.[.##..# * * *
.#...#..# #.#..#..#* * *
##.###..# #.#..##.?# ,


You could see a wraith and a steam dragon (catching breath).

Vanquished Creatures
  A deep elf pyromancer (D:9)
  A manticore (D:9)
  A troll (shapeshifter) (D:9)
  A slime creature (D:9)
  A shadow (D:7)
  Eustachio (D:6)
  A steam dragon (D:4)
  3 water moccasins
  An ice beast (D:6)
  2 orc warriors
  2 ogres
  4 centaurs
  4 kobold brigands
  3 bullfrogs
  A scorpion (D:6)
  9 water moccasin zombies
  2 water moccasin skeletons
  6 killer bees (D:8)
  A centaur zombie (D:8)
  A hound (D:5)
  3 jellies
  6 orc priests
  2 iguanas
  Jessica (D:2)
  Terence (D:3)
  Natasha (thrice) (D:2)
  8 orc wizards
  A killer bee zombie (D:9)
  A hound skeleton (D:4)
  2 mummies (Ossuary)
  13 adders
  4 gnolls (D:4)
  3 river rats (Sewer)
  2 shadow imps (D:6)
  2 white imps
  9 adder zombies (Ossuary)
  6 worms
  2 dart slugs
  27 orcs
  2 bats (D:2)
  9 endoplasms
  7 giant cockroaches
  6 gnoll zombies (Ossuary)
  11 hobgoblins
  7 jackals
  14 kobolds
  3 quokkas
  6 ball pythons
  4 frilled lizards
  11 goblins
  5 hobgoblin zombies (Ossuary)
  4 kobold zombies (Ossuary)
  4 orc zombies (Ossuary)
  6 rats
241 creatures vanquished.

Vanquished Creatures (others)
  A black bear (D:4)
  7 fungi (D:9)
  16 plants
24 creatures vanquished.

Grand Total: 265 creatures vanquished

Notes
Turn   | Place    | Note
-------+----------+-------------------------------------------
     0 | D:5      | Coron the Deep Dwarf Delver began the quest for the Orb.
     0 | D:5      | Reached XP level 1. HP: 20/20 MP: 1/1
    91 | D:5      | Noticed a hound
   103 | D:5      | Killed a hound
   104 | D:5      | Reached skill level 1 in Armour
   104 | D:5      | Reached XP level 2. HP: 22/28 MP: 2/2
   104 | D:5      | Reached XP level 3. HP: 27/34 MP: 3/3
   218 | D:5      | Reached skill level 3 in Axes
   506 | D:5      | Found a glowing drain.
   538 | Sewer    | Entered a sewer
   576 | Sewer    | Reached XP level 4. HP: 42/42 MP: 4/4
   582 | Sewer    | Noticed a kobold brigand
   622 | Sewer    | Killed a kobold brigand
   623 | Sewer    | Reached skill level 4 in Axes
   623 | Sewer    | Reached XP level 5. HP: 39/49 MP: 5/5
   716 | Sewer    | Reached skill level 5 in Axes
   978 | Sewer    | Reached XP level 6. HP: 27/57 MP: 6/6
  2078 | D:4      | Reached skill level 6 in Axes
  2086 | D:4      | Identified the +2 leather armour "Xafeaxu" {Harm rElec rC++
                  | Will-}
  2097 | D:3      | Found a snail-covered altar of Cheibriados.
  2186 | D:3      | Noticed Terence
  2243 | D:2      | Noticed Jessica
  2596 | D:1      | Reached XP level 7. HP: 51/64 MP: 7/7
  2815 | D:2      | Killed Jessica
  2945 | D:2      | Noticed Natasha
  2950 | D:2      | Killed Natasha
  2957 | D:2      | Noticed Natasha
  2963 | D:2      | Killed Natasha
  2964 | D:2      | Reached skill level 5 in Armour
  3238 | D:2      | Noticed Natasha
  3246 | D:2      | Killed Natasha
  3889 | D:3      | Killed Terence
  4139 | D:4      | Reached skill level 5 in Fighting
  4158 | D:4      | Noticed a steam dragon
  4180 | D:4      | Killed a steam dragon
  4181 | D:4      | Reached XP level 8. HP: 51/74 MP: 7/7
  4393 | D:4      | Found a staircase to the Ecumenical Temple.
  4400 | Temple   | Entered the Ecumenical Temple
  4614 | Temple   | Became a worshipper of Makhleb the Destroyer
  5099 | D:6      | Found a white marble altar of Elyvilon.
  5108 | D:6      | Reached skill level 7 in Axes
  5119 | D:6      | Noticed Eustachio
  5192 | D:6      | Killed Eustachio
  5493 | D:6      | Identified the ring of Qioj {rElec rC+ Str+4 Dex-5}
  5539 | D:6      | Reached * piety under Makhleb
  5540 | D:6      | Reached skill level 8 in Axes
  5799 | D:6      | Reached skill level 9 in Axes
  5799 | D:6      | Gained mutation: You passively map the area around you.
                  | [Deep Dwarf growth]
  5799 | D:6      | Reached XP level 9. HP: 28/82 MP: 4/4
  5917 | D:6      | Noticed a boulder beetle
  6256 | D:7      | Found an iron altar of Okawaru.
  6324 | D:7      | Found a sand-covered staircase.
  6330 | Ossuary  | Entered an ossuary
  6496 | Ossuary  | Reached ** piety under Makhleb
  6568 | Ossuary  | Reached skill level 5 in Evocations
  7014 | D:7      | Found Yvisei's Weapon Shoppe.
  7449 | D:8      | Found a sparkling altar of Nemelex Xobeh.
  7481 | D:8      | Found a basalt altar of Yredelemnul.
  7486 | D:8      | Found a broken altar of Ashenzari.
  7486 | D:8      | Found an ancient bone altar of Kikubaaqudgha.
  7486 | D:8      | Found a hazy altar of Hepliaklqana.
  7487 | D:8      | Found a blossoming altar of Fedhas.
  7578 | D:8      | Reached skill level 10 in Axes
  7646 | D:8      | Found a shadowy altar of Dithmenos.
  8332 | D:9      | Noticed a deep elf pyromancer
  8351 | D:9      | Killed a deep elf pyromancer
  8352 | D:9      | Reached XP level 10. HP: 79/96 MP: 4/4
  8406 | D:9      | Noticed a seven-headed hydra
  8464 | D:8      | Reached *** piety under Makhleb
  8542 | D:9      | Noticed a manticore
  8573 | D:9      | Killed a manticore
  8608 | D:9      | HP: 2/96 [steam dragon] (12)]
  8609 | D:9      | Killed from afar by a steam dragon

Illustrated notes

Levels and vault maps discovered:
D:1:      dpeg_arrival_pits, layout_basic
D:2:      layout_rooms, hangedman_decor_slide_cut, minmay_quantized,
          uniq_jessica, uniq_natasha
D:3:      layout_loops_ring, slow_altar_1, serial_glass, glass_columns_b,
          glass_columns_a, uniq_terence
D:4:      kb_forest_paths, layout_basic, minmay_temple_entry_slanted
D:5:      layout_basic, gup_sewer_entry_glass, moated_statue,
          kennysheep_pointless_box, minmay_misc_feat_alley, chequers_big_river
D:6:      layout_basic, mainiacjoe_overflow_24_doors, serial_glass,
          glass_columns_a, glass_columns_b, minmay_strange_pillars,
          feat_on_display, minmay_strange_pillars, minmay_misc_feat_ornament,
          kennysheep_another_room, st_stairs_12, uniq_eustachio
D:7:      layout_loops_corners, general_overflow_altar, enter_ossuary_1,
          serial_shops, shop
D:8:      layout_rooms, grunt_temple_overflow_open, nemelex_spade_bored_becter,
          mainiacjoe_overflow_tiny_flanked, chequers_serial_rivers_large_b
D:9:      minmay_tri_box, layout_loops_ring, kennysheep_little_box,
          grunt_lair_entry_orc_guard_hut, minmay_fractal_squares_gapless_5
Temple:   compressed_dpeg_triangle_lava_temple

Skill      XL: |  1  2  3  4  5  6  7  8  9 10 |
---------------+-------------------------------+-----
Fighting       | 3 4 5 6 7 8 |  8.0
Armour         | 1 3 4 6 8 9 |  9.0
Axes           | 3 4 5 6 9 10 | 10.2
Evocations     | 2 4 5 6 |  6.0
Dodging        | |  2.1
Stealth        | |  6.0

Action                   |  1- 3 |  4- 6 |  7- 9 | 10-12 || total
-------------------------+-------+-------+-------+-------++-------
Melee: War axe           |    52 |   178 |   679 |    67 ||   976
       Punch             |     1 |     3 |    12 |     1 ||    17
Throw: Dart              |       |    41 |    55 |       ||    96
       Boomerang         |       |       |     2 |       ||     2
 Abil: Heal Wounds       |     1 |     5 |    22 |     6 ||    34
Evoke: Wand              |       |       |     6 |     3 ||     9
  Use: Potion            |       |     1 |     1 |     1 ||     3
       Scroll            |       |       |    17 |     1 ||    18
 Stab: Sleeping          |     1 |     2 |     4 |       ||     7
Armor: Leather armour    |    15 |    23 |       |       ||    38
       Ring mail         |       |     6 |    27 |       ||    33
       Chain mail        |       |       |   379 |    60 ||   439
Dodge: Dodged            |    56 |   109 |   331 |    56 ||   552
